 Dungeon Crawl Stone Soup version 0.19.5 (webtiles) character file.

74 snowfan the Firebug (level 4, 0/24 HPs)
             Began as a Deep Elf Fire Elementalist on Apr 16, 2017.
             Slain by a giant cockroach (2 damage)
             ... on level 5 of the Dungeon.
             The game lasted 00:06:19 (2130 turns).

snowfan the Firebug (Deep Elf Fire Elementalist)    Turns: 2130, Time: 00:06:20

Health: 0/24       AC:  2    Str:  5    XL:     4   Next: 9%
Magic:  8/10       EV: 13    Int: 21    God:
Gold:   117        SH:  0    Dex: 15    Spells: 2 memorised, 5 levels left

rFire  . . .     SeeInvis .     m - -3 hand axe (curse)
rCold  . . .     Gourm    .     a - +0 robe
rNeg   . . .     Faith    .     (no shield)
rPois  .         Spirit   .     (no helmet)
rElec  .         Reflect  .     (no cloak)
rCorr  .         Harm     .     (no gloves)
MR     .....                    (no boots)
Stlth  ++........               (no amulet)
                                (no ring)
                                (no ring)

@: no status effects
A: no striking features
a: no special abilities


You were on level 5 of the Dungeon.
You were hungry.

You visited 1 branch of the dungeon, and saw 4 of its levels.

You collected 117 gold pieces.

Inventory:

Hand Weapons
 m - a cursed -3 hand axe (weapon)
Armour
 a - a +0 robe (worn)
Jewellery
 j - an uncursed amulet of magic regeneration {unknown}
Scrolls
 e - a scroll of magic mapping {unknown}
 h - a scroll of teleportation {unknown}
 i - a scroll of amnesia {unknown}
Potions
 d - 2 potions of flight {unknown}
 g - 2 potions of curing {unknown}
 l - a potion of magic {unknown}
Books
 b - a book of Flames

   Spells                             Type                      Level
   a - Flame Tongue                   Conjuration/Fire             1
   b - Throw Flame                    Conjuration/Fire             2
   c - Conjure Flame                  Conjuration/Fire             3
   d - Inner Flame                    Hexes/Fire                   3
   e - Sticky Flame                   Conjuration/Fire             4
   f - Fireball                       Conjuration/Fire             5
Comestibles
 c - 2 bread rations
 k - a beef jerky
 n - a royal jelly


   Skills:
 - Level 2.4 Dodging
 - Level 2.4 Stealth
 - Level 3.0 Spellcasting
 - Level 1.1 Conjurations
 + Level 5.4 Fire Magic


You had 5 spell levels left.
You knew the following spells:

 Your Spells              Type           Power        Failure   Level  Hunger
a - Flame Tongue          Conj/Fire      ###..        3%          1    None
d - Conjure Flame         Conj/Fire      ###.....     12%         3    ###....


Dungeon Overview and Level Annotations

Branches:
Dungeon (3/15)

Altars:
Cheibriados
Zin

Annotations:
D:3 Natasha; airbag's ghost, amateur DsNe


Message History

The kobold shouts!
The gnoll misses you.
The gnoll hits you from afar with a spear.
* * * LOW HITPOINT WARNING * * *
The gnoll hits you from afar with a spear.
* * * LOW HITPOINT WARNING * * *
Found a bubbling green potion.
There is a shaft here.
You fall through a shaft for 2 floors!
The shaft crumbles and collapses.
A quokka and a giant cockroach come into view.
Casting: Flame Tongue
Confirm with . or Enter, or press ? or * to list all spells.
Aiming: Flame Tongue
Press: ? - help, Shift-Dir - straight line, f - giant cockroach
Aim: a giant cockroach (resting)
The flame tongue hits the giant cockroach.
The giant cockroach is severely wounded.
The giant cockroach bites you.
You die...

#####
#####....#
##.......#
#........#
#..@...r.#
#.s......#
#........##
#........#
#.........#
##.......##
#...##.##
#..## .#


You could see a quokka and a giant cockroach.

Vanquished Creatures
  An adder (D:2)
  2 oozes
  2 worms (D:2)
  2 dart slugs (D:1)
  3 leopard geckos
  A ball python (D:2)
  3 giant cockroaches
  3 goblins
  4 hobgoblins
  4 jackals (D:1)
  4 kobolds
  5 bats
  2 frilled lizards (D:1)
  7 rats
43 creatures vanquished.

Notes
Turn   | Place    | Note
-------+----------+-------------------------------------------
     0 | D:1      | snowfan the Deep Elf Fire Elementalist began the quest for the Orb.
     0 | D:1      | Reached XP level 1. HP: 10/10 MP: 6/6
    60 | D:1      | Reached XP level 2. HP: 13/15 MP: 2/8
   115 | D:1      | Reached skill level 4 in Fire Magic
   795 | D:1      | Reached XP level 3. HP: 19/19 MP: 7/9
  1154 | D:2      | Found a glowing silver altar of Zin.
  1361 | D:2      | Reached skill level 5 in Fire Magic
  1366 | D:2      | Learned a level 3 spell: Conjure Flame
  1792 | D:2      | Reached XP level 4. HP: 24/24 MP: 5/10
  1841 | D:2      | Found a snail-covered altar of Cheibriados.
  2082 | D:3      | Noticed Natasha
  2101 | D:3      | Noticed airbag's ghost (amateur DsNe)
  2129 | D:3      | You fall through a shaft for 2 floors!
  2129 | D:5      | Entered Level 5 of the Dungeon
  2130 | D:5      | Slain by a giant cockroach

Skill      XL: |  1  2  3 |
---------------+----------+-----
Fire Magic     | 4 5 |  5.4
Dodging        | |  2.4
Stealth        | |  2.4
Spellcasting   | |  3.0
Conjurations   | |  1.1

Action                   |  1- 3 |  4- 6 || total
-------------------------+-------+-------++-------
Melee: Unarmed           |    25 |       ||    25
       Hand axe          |     1 |     6 ||     7
 Cast: Flame Tongue      |    68 |     6 ||    74
 Stab: Sleeping          |     1 |       ||     1
  Eat: Chunk             |     3 |       ||     3
Armor: Robe              |    11 |     6 ||    17
Dodge: Dodged            |    34 |    12 ||    46
